 Dungeon Crawl Stone Soup version 0.23.0 (webtiles) character file.

Game seed: 9907959468817523458

149 Oravi the Ruffian (level 5, -10/44 HPs)
             Began as a Ghoul Necromancer on Feb 11, 2019.
             Mangled by an ogre
             ... wielding a +0 giant spiked club
              (32 damage)
             ... on level 4 of the Dungeon.
             The game lasted 00:09:11 (2386 turns).

Oravi the Ruffian (Ghoul Necromancer)               Turns: 2386, Time: 00:09:11

Health: -10/44     AC:  3    Str: 12    XL:     5   Next: 31%
Magic:  2/6        EV:  9    Int: 11    God:
Gold:   76         SH:  0    Dex:  9    Spells: 5/7 levels left

rFire    . . .     SeeInvis .     - Unarmed
rCold    + . .     Gourm    .   (no shield)
rNeg     + + +     Faith    .   d - +1 robe
rPois    ∞         Spirit   .   (no helmet)
rElec    .         Reflect  .   (no cloak)
rCorr    .         Harm     .   (no gloves)
MR       .....                  (no boots)
Stlth    ++........             (no amulet)
HPRegen  0.00/turn              (no ring)
MPRegen  0.10/turn              (no ring)

@: rotting, constricted
A: rotting body, claws 1, carnivore, cold resistance 1, negative energy
resistance 3, inhibited regeneration, torment resistance, unbreathing
a: no special abilities


You were on level 4 of the Dungeon.
You were not hungry.

You visited 1 branch of the dungeon, and saw 3 of its levels.

You collected 76 gold pieces.

Inventory:

Hand Weapons
 a - a +1 hunting sling
Missiles
 g - 54 stones (quivered)
Armour
 d - a +1 robe (worn)
Scrolls
 b - 2 scrolls of identify {@r1}
Potions
 e - a potion of degeneration
Comestibles
 c - 6 rations
 k - a chunk of flesh


   Skills:
 + Level 2.8 Fighting
 - Level 1.7 Dodging
 - Level 2.1 Stealth
 * Level 4.3 Unarmed Combat
 - Level 1.7 Spellcasting
 - Level 4.0 Necromancy


You had 5 spell levels left.
You knew the following spells:

 Your Spells              Type           Power        Failure   Level  Hunger
a - Pain                  Necr           #...         6%          1    ##.....
b - Animate Skeleton      Necr           N/A          6%          1    ##.....

Your spell library contained the following spells:

 Spells                   Type           Power        Failure   Level  Hunger
 Vampiric Draining        Necr           #.........   17%         3    ####...
 Regeneration             Chrm/Necr      #.........   36%         3    ####...
 Animate Dead             Necr           N/A          50%         4    #####..


Dungeon Overview and Level Annotations

Branches:
Dungeon (2/15)

Altars:


Innate Abilities, Weirdness & Mutations

Your body is rotting away.
You thrive on raw meat.
You are immune to poison.
You have sharp fingernails.
You are carnivorous and can eat meat at any time.
Your flesh is cold resistant. (rC+)
You are immune to negative energy. (rN+++)
You do not regenerate when monsters are visible.
You are immune to unholy pain and torment.
You can survive without breathing.


Message History

You claw the hound!
You kill the hound!
Your Unarmed Combat skill increases to level 4!
The ball python bites you but does no damage.
The ball python constricts you.
You scratch the leopard gecko skeleton.
The leopard gecko skeleton is almost destroyed.
The ball python bites you but does no damage.
The ball python constricts you. The leopard gecko skeleton bites you.
* * * LOW HITPOINT WARNING * * *
You scratch the leopard gecko skeleton.
You destroy the leopard gecko skeleton!
The ball python bites you but does no damage.
* * * LOW HITPOINT WARNING * * *
The ball python constricts you.
The ball python bites you but does no damage.
The ball python constricts you.
The ogre hits you with a +0 giant spiked club!!
Ouch! That really hurt!
You die...

######### #.......#
#...)...# #.......#
#.......#######
#.......l@O...#
#.......##S......
#.........J##....
#.....S....#####.######.
#.......................
#$....###.............#
####...####...........#
#..S.####......%...#
##.#...##..........####


You could see an ogre, an ooze, a ball python and a frilled lizard.

Vanquished Creatures
  A hound (D:4)
  2 orc wizards (D:4)
  A gnoll (D:1)
  An adder (D:2)
  An ooze (D:2)
  A dart slug (D:1)
  A worm (D:4)
  A giant cockroach (D:2)
  3 hobgoblins
  16 jackals
  3 kobolds
  4 bats (D:1)
  2 frilled lizards (D:2)
  A leopard gecko skeleton (D:4)
  2 rats (D:1)
40 creatures vanquished.

Notes
Turn   | Place    | Note
-------+----------+-------------------------------------------
     0 | D:1      | Oravi the Ghoul Necromancer began the quest for the Orb.
     0 | D:1      | Reached XP level 1. HP: 14/14 MP: 2/2
   158 | D:1      | Reached skill level 1 in Unarmed Combat
   158 | D:1      | Reached XP level 2. HP: 7/22 MP: 0/3
   164 | D:1      | Learned a level 1 spell: Animate Skeleton
   385 | D:1      | Reached skill level 1 in Fighting
  1340 | D:1      | Reached XP level 3. HP: 28/28 MP: 4/4
  2170 | D:2      | Reached XP level 4. HP: 28/36 MP: 0/5
  2181 | D:2      | You fall through a shaft for 2 floors!
  2277 | D:4      | Noticed an ogre
  2279 | D:4      | Reached XP level 5. HP: 23/42 MP: 1/6
  2382 | D:4      | HP: 2/42 [ball python (1)]
  2386 | D:4      | Mangled by an ogre

Skill      XL: |  1  2  3  4  5 |
---------------+----------------+-----
Unarmed Combat | 1 2 3 4 |  4.3
Fighting       | 1 2 |  2.8
Dodging        | |  1.7
Stealth        | |  2.1
Spellcasting   | |  1.7
Necromancy     | |  4.0

Action                   |  1- 3 |  4- 6 || total
-------------------------+-------+-------++-------
Melee: Unarmed           |    76 |     9 ||    85
 Fire: Hunting sling     |    41 |    10 ||    51
 Cast: Pain              |    26 |    10 ||    36
       Animate Skeleton  |     3 |       ||     3
  Use: Scroll            |       |     7 ||     7
       Potion            |       |     1 ||     1
  Eat: Chunk             |     7 |     1 ||     8
Armor: Robe              |    18 |    10 ||    28
Dodge: Dodged            |    72 |    19 ||    91
